 Dungeon Crawl Stone Soup version 0.31-a0-981-geadf994542 (webtiles) character file.

Game seed: 6595369959816543603

444 mattiecakes the Ruffian (level 7, -8/47 HPs)
             Began as a Djinni Shapeshifter on Nov 2, 2023.
             Was a Follower of Trog.
             Mangled by an ice beast (19 damage)
             ... on level 5 of the Dungeon.
             The game lasted 00:10:59 (3817 turns).

mattiecakes the Ruffian (Djinni Shapeshifter)       Turns: 3817, Time: 00:10:59

Health: -8/47      AC:  2    Str: 15    XL:     7   Next: 23%
Gold:   236        EV: 12    Int: 12    God:    Trog [*.....] SH:  0 Dex: 12

rFire   + +          .
                       - Unarmed
rCold   x . .        (no shield)
rNeg    . . .        a - +0 animal skin
rPois   ∞            (helmet currently unavailable)
rElec   .            (cloak currently unavailable)
rCorr   .            (gloves currently unavailable)
SInv    .            (boots unavailable)
Will    +....        (no amulet)
Stlth   +            (no ring)
HPRegen 0.27/turn    (no ring)
MPRegen 0.00/turn

%: infuse magic (-9 HP)
@: brilliant, beast-form, enlightened, flying, hasted, very quick
A: beast (slay +2), flying, sickness immunity, fire resistance 2, cold
vulnerability 1, float, innate caster, HP casting, extra vitality 1
a: Begin Untransformation, Renounce Religion, Berserk


You were on level 5 of the Dungeon.
You worshipped Trog.
Trog was aware of your devotion.
You were a hulking beast.
You visited 1 branch of the dungeon, and saw 5 of its levels.

You collected 236 gold pieces.

Inventory:

Armour
 a - a +0 animal skin (worn)
Jewellery
 n - a +6 ring of strength
Talismans
 c - a beast talisman
 d - a flux talisman
Wands
 h - a wand of polymorph (9)
Scrolls
 g - 2 scrolls of blinking
 i - 2 scrolls of enchant weapon
Potions
 b - 2 potions of lignification
 o - 2 potions of attraction


   Skills:
 - Level 1.0 Fighting
 - Level 2.1 Dodging
 + Level 5.8 Unarmed Combat
 + Level 4.9 Shapeshifting


You knew the following spells:

 Your Spells              Type           Power      Damage    Failure   Level
a - Magic Dart            Conj           0%         1d3       32%         1
b - Poisonous Vapours     Pois/Air       0%         N/A       45%         2
c - Sigil of Binding      Hex            0%         N/A       69%         3
Your spell library was empty.

Dungeon Overview and Level Annotations

Branches:
Dungeon (5/15)
 Temple: D:4-7

Altars:
Ru
Trog


Innate Abilities, Weirdness & Mutations

You are a hulking beast.
Your limbs bulge with bestial killing power. (Slay +2)
You are flying.
You are immune to sickness and miasma.
You are immune to poison.
Your flesh is very heat resistant. (rF++)
You are vulnerable to cold. (rC-)
You float through the air rather than walking.
You learn spells naturally, not from books.
Your magical power is your life essence.
You have superior vitality. (+4 MHP)


Message History

There is a stone staircase leading down here.
Found a spear.
Found a pair of glowing boots.
Found a stone staircase leading down.
A hound and an ice beast come into view.
There are monsters nearby!
There are monsters nearby!
You see here 15 gold pieces.
The hound barks!
The ice beast completely misses you.
You punch the hound!
The hound is heavily wounded.
The hound bites you.
You punch the hound! You punch the hound, but do no damage.
The hound is almost dead.
The hound barely misses you. The ice beast hits you. The ice beast freezes you!
You feel a terrible chill!
You are too injured to fight recklessly!
You are too injured to fight recklessly!
You are too injured to fight recklessly!
You are too injured to fight recklessly!
You hit the ice beast but do no damage. The hound closely misses you.
The ice beast misses you.
You hit the ice beast.
The ice beast is lightly wounded.
The hound bites you.
You hit the ice beast.
The ice beast is moderately wounded.
The hound bites you.
* * * LOW HITPOINT WARNING * * *
The ice beast barely misses you.
You closely miss the ice beast.
The ice beast is moderately wounded.
The hound bites you.
* * * LOW HITPOINT WARNING * * *
You hit the ice beast.
The ice beast is moderately wounded.
The ice beast hits you.
* * * LOW HITPOINT WARNING * * *
The ice beast freezes you!!
You feel a terrible chill!
You die...

##..........)<.......
#....................
....#................
### ###..............
#.............. #
####$.............
##.#.#.#.#.....[.....
#....................
##...[h..##....
#.....hY.).##../
#.#..>....## #..
...........# .
.##.......##
..........
..#.#.#.#.##
..###..####


You could see an ice beast and a hound.

Vanquished Creatures
  An ogre (D:4)
  2 scorpions (D:4)
  A hound (D:4)
  Jessica (D:2)
  An iguana (D:4)
  Robin (D:2)
  2 adders
  3 gnolls
  A worm (D:2)
  2 dart slugs
  14 orcs
  5 bats
  4 endoplasms
  2 giant cockroaches (D:1)
  21 goblins
  7 hobgoblins
  3 kobolds
  2 quokkas
  4 ball pythons
  4 frilled lizards
  10 rats
91 creatures vanquished.

Notes
Turn   | Place    | Note
-------+----------+-------------------------------------------
     0 | D:1      | mattiecakes the Djinni Shapeshifter began the quest for the
                  | Orb.
     0 | D:1      | Reached XP level 1. HP: 17/17 MP: 0/0
   177 | D:1      | Reached XP level 2. HP: 21/22 MP: 0/0
   426 | D:1      | Reached XP level 3. HP: 17/27 MP: 0/0
   426 | D:1      | Learned a level 1 spell: Magic Dart
  1083 | D:2      | Reached XP level 4. HP: 23/32 MP: 0/0
  1160 | D:2      | Noticed Robin
  1172 | D:2      | Killed Robin
  1173 | D:2      | Reached skill level 4 in Unarmed Combat
  1499 | D:2      | Noticed Jessica
  1506 | D:2      | Killed Jessica
  1507 | D:2      | Reached XP level 5. HP: 37/37 MP: 0/0
  1507 | D:2      | Learned a level 2 spell: Poisonous Vapours
  1928 | D:3      | Found a faded altar of an unknown god.
  2009 | D:3      | Prayed at the altar of an unknown god.
  2009 | D:3      | Became a worshipper of Trog the Wrathful
  2009 | D:3      | Reached * piety under Trog
  2953 | D:4      | Reached skill level 5 in Unarmed Combat
  2953 | D:4      | Reached XP level 6. HP: 29/42 MP: 0/0
  2959 | D:4      | Found a sacrificial altar of Ru.
  3082 | D:4      | Noticed an ogre
  3094 | D:4      | Killed an ogre
  3102 | D:4      | Reached XP level 7. HP: 25/47 MP: 0/0
  3102 | D:4      | Learned a level 3 spell: Sigil of Binding
  3454 | D:4      | Identified the +10 sling "Uqol" {heavy, rCorr Dex+6}
  3667 | D:5      | Entered Level 5 of the Dungeon
  3817 | D:5      | Mangled by an ice beast

Illustrated notes

Levels and vault maps discovered:
D:1:      minmay_arrival_diagonal_passages, layout_loops_ring, st_stairs_9
D:2:      layout_loops_ring, kennysheep_small_spiral, kennysheep_flooded_box,
          amethyst_killhole, minivault_4, uniq_robin, uniq_jessica
D:3:      layout_loops_corners, hellmonk_ecumenical_altar_leap_of_faith,
          nicolae_eternal_life, grunt_ministairs_8
D:4:      layout_basic, lemuel_tele_altar
D:5:      layout_layer_cave, st_stairs_4

Skill      XL: |  1  2  3  4  5 |
---------------+----------------+-----
Shapeshifting  | 3 4 |  4.9
Unarmed Combat | 4 5 |  5.8
Fighting       | |  1.0
Dodging        | |  2.1

Action                     |  1- 3 |  4- 6 |  7- 9 || total
---------------------------+-------+-------+-------++-------
  Melee: Unarmed           |   105 |   121 |    43 ||   269
         Punch             |     2 |     3 |     2 ||     7
   Cast: Magic Dart        |       |     1 |       ||     1
 Invoke: Berserk           |       |     1 |       ||     1
    Use: Potion            |       |     3 |     5 ||     8
         Scroll            |       |       |     4 ||     4
   Stab: Sleeping          |     3 |       |       ||     3
 Armour: Animal skin       |    49 |    69 |    29 ||   147
  Dodge: Dodged            |    72 |    85 |    26 ||   183

Table legend: (Time is in decaauts)
 A = Elapsed time spent in this place.
 B = Non-inter-level travel time spent in this place.
 C = Inter-level travel time spent in this place.
 D = Time resting spent in this place.
 E = Time spent auto-exploring this place.
 F = Levels seen in this place.
 G = Mean time per level.
                   A        B        C        D        E       F      G
               +--------+--------+--------+--------+--------+-----+--------+
         Total |   3798 |   3713 |     85 |    280 |   2793 |   5 |  759.6 |
       Dungeon |   3798 |   3713 |     85 |    280 |   2793 |   5 |  759.6 |
               +--------+--------+--------+--------+--------+-----+--------+

Top non-repeatable levels by time:
     D:4: 1078 daAuts
     D:3: 1023 daAuts
     D:2: 885 daAuts
     D:1: 785 daAuts
     D:5: 25 daAuts
